 Seeded DCSS version 0.30-a0-1163-gf69bf04e7a (webtiles) character file.

Game seed: 15318561820416957366 (custom seed)

8434 IndexError the Magus (level 11, -2/89 HPs)
             Began as a Demonspawn Ice Elementalist on Apr 28, 2023.
             Was an Elder of Nemelex Xobeh.
             Slain by Erolcha
             ... wielding a +0 giant club
              (36 damage)
             ... on level 9 of the Dungeon.
             The game lasted 00:33:04 (9611 turns).

IndexError the Magus (Demonspawn Ice Elementalist)  Turns: 9611, Time: 00:33:05

Health: -2/89      AC:  9    Str:  8    XL:     11   Next: 9%
Magic:  0/20       EV: 16    Int: 28    God:    Nemelex Xobeh [****..]
Gold:   469        SH:  0    Dex: 13    Spells: 4/20 levels left

rFire   + . .        a - +9 falchion of the Trees {freeze, Will+}
rCold   . . .        (no shield)
rNeg    . . .        B - +0 leather armour {rF+}
rPois   .            F - +0 helmet
rElec   .            c - +0 cloak
rCorr   .            (no gloves)
SInv    .            (no boots)
Will    +....        A - amulet of guardian spirit {Spirit}
Stlth   ++           u - +4 ring of protection
HPRegen 0.34/turn    G - +6 ring of intelligence
MPRegen 0.17/turn

%: guardian spirit
@: agile
A: claws 2, powered by pain 1, spiny 2, weakness stinger 2
a: Renounce Religion, Draw Escape, Draw Destruction, Draw Summoning, Triple
Draw, Deal Four


You were on level 9 of the Dungeon.
You worshipped Nemelex Xobeh.
Nemelex Xobeh was greatly pleased with you.
You visited 1 branch of the dungeon, and saw 9 of its levels.
You also visited: Ossuary.

You collected 469 gold pieces.

Inventory:

Hand Weapons
 a - the +9 falchion of the Trees (weapon) {freeze, Will+}
   (You found it on level 4 of the Dungeon)

   Will:      It increases your willpower.
 b - a +0 sling
   (You found it on level 2 of the Dungeon)
 h - the +7 lajatang of Order {silver, rMut}
   (You found it on level 7 of the Dungeon)

   rMut:      It protects you from mutation.
 D - a +1 whip of electrocution
   (You took it off Pikel on level 5 of the Dungeon)
Missiles
 k - 8 javelins
 z - 6 curare-tipped darts
Armour
 c - a +0 cloak (worn)
   (You took it off Maurice on level 9 of the Dungeon)
 B - a +0 leather armour of fire resistance (worn)
   (You took it off an orc on level 6 of the Dungeon)
 F - a +0 helmet (worn)
   (You found it on level 5 of the Dungeon)
 K - the +3 robe of Honesty {rC+ Int+3}
   (You found it on level 8 of the Dungeon)

   Int:       It affects your intelligence (+3).
   rC:        It protects you from cold.
Magical Staves
 J - a staff of poison {rPois}
   (You found it on level 7 of the Dungeon)
Jewellery
 d - a +4 ring of protection
   (You found it on level 1 of the Dungeon)
 j - a ring of fire {rF+, rC-}
   (You found it on level 1 of the Dungeon)
 u - a +4 ring of protection (left claw)
   (You found it on level 3 of the Dungeon)
 A - an amulet of guardian spirit (around neck) {Spirit}
   (You took it off an orc wizard on level 7 of the Dungeon)
 G - a +6 ring of intelligence (right claw)
   (You found it on level 6 of the Dungeon)
 N - a ring of wizardry {Wiz+, !d}
   (You found it on level 1 of the Dungeon)
 P - a ring of see invisible {sInv, !d}
   (You took it off a gnoll on level 9 of the Dungeon)
Wands
 C - a wand of polymorph (7)
   (You took it off Pikel on level 5 of the Dungeon)
 E - a wand of quicksilver (7)
   (You found it on level 5 of the Dungeon)
 M - a wand of mindburst (9)
   (You took it off Maurice on level 9 of the Dungeon)
Scrolls
 g - 3 scrolls of vulnerability {!r!r}
 l - 3 scrolls of blinking {!r}
 m - 4 scrolls of poison {!r}
 q - a scroll of fog
 t - a scroll of torment {!r}
 w - 5 scrolls of teleportation
 y - 2 scrolls of silence
 H - 2 scrolls of enchant armour {unknown}
 L - a scroll of brand weapon {unknown}
 O - a scroll of fear {unknown}
Potions
 e - 6 potions of attraction {unknown}
 f - 4 potions of mutation {unknown}
 i - 4 potions of curing {unknown}
 n - 2 potions of magic
 o - 2 potions of resistance {unknown}
 p - 5 potions of flight {unknown}
 r - 2 potions of degeneration {unknown}
 s - 2 potions of brilliance {unknown}
 v - 3 potions of might {unknown}
 x - a potion of cancellation
 I - a potion of ambrosia {unknown}


   Skills:
 + Level 9.5 Fighting
 - Level 1.7 Dodging
 - Level 1.7 Stealth
 - Level 5.0 Spellcasting
 + Level 2.8 Summonings
 + Level 2.3 Translocations
 - Level 9.0 Ice Magic
 - Level 12.0 Invocations


You had 4 spell levels left.
You knew the following spells:

 Your Spells              Type           Power      Damage    Failure   Level
a - Freeze                Ice            100%       1d10      1%          1
b - Frozen Ramparts       Ice            100%       1d16      1%          3
c - Cigotuvi's Dreadful   Necr/Pois/Air  14%        N/A       14%         2
d - Blink                 Tloc           40%        N/A       5%          2
e - Summon Ice Beast      Ice/Summ       40%        N/A       9%          4
s - Slow                  Hex            28%        N/A       10%         1
A - Ozocubu's Armour      Ice            55%        N/A       1%          3

Your spell library contained the following spells:

 Spells                   Type           Power      Damage    Failure   Level
 Lesser Beckoning         Tloc           40%        N/A       5%          2
 Momentum Strike          Conj/Tloc      26%        3d8       9%          2
 Poisonous Vapours        Pois/Air       14%        N/A       14%         2
 Scorch                   Fire           14%        2d6       14%         2
 Confusing Touch          Hex            7%         N/A       28%         3
 Mephitic Cloud           Conj/Pois/Air  7%         N/A       28%         3
 Vampiric Draining        Necr           7%         2d6       28%         3
 Dispel Undead            Necr           7%         3d8       67%         4
 Flame Wave               Conj/Fire      7%         2d5       67%         4
 Freezing Cloud           Conj/Ice/Air   11%        6-21      61%         5
 Alistair's Intoxication  Tmut/Pois      4%         N/A       95%         5
 Borgnjor's Vile Clutch   Necr/Erth      3%         N/A       95%         5
 Summon Cactus Giant      Summ           11%        N/A       99%         6
 Death Channel            Necr           3%         N/A       100%        6
 Eringya's Noxious Bog    Tmut/Pois      3%         N/A       100%        6


Dungeon Overview and Level Annotations

Branches:
Dungeon (9/15)             Temple (0/1) D:4         Ossuary (visited)
   Lair: D:8-11         Orc: D:9-12

Altars:
Cheibriados
Hepliaklqana
Nemelex Xobeh
Wu Jian
Yredelemnul

Shops:
D:8 ?   D:9 :

Annotations:
D:4 2 transporters
D:9 Erolcha


Innate Abilities, Weirdness & Mutations

You have very sharp fingernails.
You sometimes gain a little power by taking damage.
You are mostly covered in sharp spines.
You have a tail ending in a sharp stinger.


Message History

You are too injured to fight recklessly!
You are too injured to fight recklessly!
You hit the gnoll sergeant. You freeze the gnoll sergeant.
The gnoll hits you from afar with a +0 spear.
The gnoll sergeant hits you with a +0 spear.
You take 7 damage, and have 42/89 hp.
You now have 10/20 mp.
You slash the gnoll sergeant! You freeze the gnoll sergeant.
The gnoll closely misses you. The gnoll is struck by your spines.
The gnoll misses you.
Things that are here:
a +0 spear; a +0 scale mail; a gnoll corpse You barely miss the gnoll.
The gnoll is struck by your spines. The gnoll barely misses you.
The gnoll is struck by your spines. The gnoll hits you with a +0 spear.
You take 2 damage, and have 40/89 hp.
You hit the gnoll. You freeze the gnoll.
P - a ring of see invisible {sInv, !d}
Things that are here:
a +0 spear; a gnoll corpse Erolcha the Cunning comes into view.
She is wielding a +0 giant club and wearing a +2 robe of cold resistance.
You regained 4 hp, and now have 45/89 hp.
You regained 2 mp, and now have 13/20 mp.
Things that are here:
a +0 spear; a +0 scale mail; a gnoll corpse
There is an open door, spattered with blood here.
Things that are here:
a +0 halberd; a gnoll corpse You close the door, pushing everything out of the way.
You see here a gnoll corpse.
There is an entrance to Puheradgh's Book Shop here.
There is an entrance to Puheradgh's Book Shop here.
Health restored: 89; MP restored: 20 You see here a gnoll corpse.
There is an open door, spattered with blood here.
Things that are here:
a +0 spear; a fizzy brown potion; a gnoll corpse
There is an open door, spattered with blood here.
Press: ? - help, v - describe, . - travel The floor.
You see here a gnoll corpse.
You close the door.
You start removing your armour.
You continue taking off the +3 robe of Honesty {rC+ Int+3}. x4
You finish taking off the +3 robe of Honesty {rC+ Int+3}.
You start putting on your armour.
You continue putting on your +0 leather armour of fire resistance. x5
You finish putting on your +0 leather armour of fire resistance.
You feel resistant to fire.
Casting: Frozen Ramparts (safe; 1% risk of failure)
Confirm with . or Enter, or press ? or * to list all spells.
A chill wind blows around you.
You now have 16/20 mp.
You see here a gnoll corpse.
You open the door.
Erolcha shouts!
Erolcha casts a spell at you.
The fireball explodes!
The fireball engulfs you! You resist.
You hear two shouts!
You take 8 damage, and have 81/89 hp.
You now have 15/20 mp.
You swap places.
Erolcha hits your ice beast with a +0 giant club!
Your ice beast barely misses Erolcha.
Your ice beast hits Erolcha but does no damage.
You see here a gnoll corpse.
A centaur comes into view.
Erolcha barely misses your ice beast.
The centaur wields a +0 shortbow.
The centaur shoots an arrow.
The arrow barely misses you.
Your ice beast completely misses Erolcha.
There is an open door, spattered with blood here.
The centaur shoots an arrow.
The arrow completely misses your ice beast.
The arrow hits you. Erolcha hits you with a +0 giant club!!
Your ice beast hits Erolcha but does no damage.
Things that are here:
a +0 spear; a fizzy brown potion; a gnoll corpse You take 21 damage, and have 62/89 hp.
MASSIVE DAMAGE!!
You now have 12/20 mp.
You hit Erolcha.
The centaur shoots an arrow.
The arrow hits your ice beast!
A two-headed ogre comes into view. It is wielding two +0 giant clubs.
Your ice beast hits Erolcha but does no damage.
The centaur shoots an arrow.
The arrow hits your ice beast! Erolcha completely misses you.
You hit Erolcha but do no damage.
Your tail-slap misses Erolcha.
The centaur shoots an arrow.
The arrow hits your ice beast!
Your ice beast hits Erolcha but does no damage.
You barely miss Erolcha.
You tail-slap Erolcha, but do no damage.
Erolcha hits you with a +0 giant club!!
You focus on the pain.
You feel agile all of a sudden.
Your ice beast hits Erolcha.
Your ice beast freezes Erolcha.
Erolcha resists.
You take 20 damage, and have 43/89 hp.
MASSIVE DAMAGE!!
You now have 8/20 mp.
You hit Erolcha. Your claw misses Erolcha.
Your ice beast hits Erolcha but does no damage.
Erolcha hits you with a +0 giant club!
Your ice beast completely misses Erolcha.
You take 9 damage, and have 34/89 hp.
You now have 6/20 mp.
You barely miss Erolcha.
The centaur shoots an arrow.
The arrow barely misses your ice beast. The arrow completely misses you.
Erolcha hits you with a +0 giant club!!!
You die...
Your body glows with a rainbow of weird colours and disappears.

######.........
##...####..
#..∩..# ##...##
##.## #O# #†#
##'## ##@Y)##
#..Oc.#
#.......#
#........#
'.........'..
##.........###
##.......##
##.....##
##...##


You could see a two-headed ogre, Erolcha (ally target), a centaur and a friendly
ice beast (summoned).

Vanquished Creatures
  A boulder beetle (D:9)
  Pikel (D:5)
  Maurice (D:9)
  An unseen horror zombie (D:7)
  Grinder (D:4)
  Prince Ribbit (D:9)
  Sigmund (D:2)
  A wyvern (D:9)
  Menkaure (D:5)
  3 steam dragons
  2 acid dragons
  A water moccasin (D:8)
  Duvessa (D:5)
  3 ice beasts
  2 sky beasts
  A hornet zombie (D:7)
  5 orc warriors
  A black bear (D:5)
  2 centaurs
  A lemure (D:5)
  2 kobold brigands (D:7)
  3 phantoms (D:6)
  A gnoll sergeant (D:9)
  3 bullfrogs
  15 scorpions
  3 necrophages (D:7)
  A wyvern zombie (D:7)
  7 wights
  Dowan (D:5)
  11 killer bees
  4 howler monkeys
  3 centaur zombies
  A gnoll bouda (D:6)
  2 human zombies
  A hound (D:6)
  3 orc priests
  A sleepcap (D:6)
  5 iguanas
  3 orc wizards
  6 scorpion zombies (Ossuary)
  4 mummies
  12 gnolls
  7 adders
  A white imp (D:8)
  3 ufetubi
  2 worms
  3 dart slugs
  30 orcs
  2 bats (D:1)
  8 endoplasms
  3 giant cockroaches
  3 gnoll zombies (Ossuary)
  3 goblins
  6 hobgoblins
  4 jackals (D:1)
  A quokka (D:2)
  9 ball pythons
  5 frilled lizards
  A goblin zombie (Ossuary)
  4 hobgoblin zombies (Ossuary)
  14 kobolds
  A kobold zombie (Ossuary)
  An orc zombie (Ossuary)
  4 rats
238 creatures vanquished.

Vanquished Creatures (others)
  An orc wizard (D:9)
  2 plants (D:9)
3 creatures vanquished.

Grand Total: 241 creatures vanquished

Notes
Turn   | Place    | Note
-------+----------+-------------------------------------------
     0 | D:1      | IndexError the Demonspawn Ice Elementalist began the quest
                  | for the Orb.
     0 | D:1      | Reached XP level 1. HP: 13/13 MP: 3/3
   174 | D:1      | Gained mutation: You are partially covered in sharp spines.
                  | [demonic ancestry]
   174 | D:1      | Reached XP level 2. HP: 19/19 MP: 2/5
   359 | D:1      | Reached skill level 3 in Spellcasting
   468 | D:1      | You fall into a shaft and drop 1 floor!
   583 | D:1      | Reached XP level 3. HP: 19/24 MP: 1/7
  1119 | D:2      | Noticed Sigmund
  1437 | D:2      | Reached skill level 4 in Spellcasting
  1441 | D:2      | Reached XP level 4. HP: 30/30 MP: 7/10
  1445 | D:2      | Learned a level 3 spell: Frozen Ramparts
  1449 | D:2      | Learned a level 3 spell: Ozocubu's Armour
  1683 | D:2      | Killed Sigmund
  1684 | D:2      | Reached skill level 4 in Ice Magic
  1684 | D:2      | Discovered your monstrous ancestry.
  1684 | D:2      | Gained mutation: You have a small tail. [demonic ancestry]
  1684 | D:2      | Reached XP level 5. HP: 23/35 MP: 3/12
  1776 | D:2      | Found a faded altar of an unknown god.
  1815 | D:2      | Prayed at the altar of an unknown god.
  1815 | D:2      | Became a worshipper of Nemelex Xobeh the Trickster
  1815 | D:2      | Reached * piety under Nemelex Xobeh
  1815 | D:2      | Received a gift from Nemelex Xobeh
  2149 | D:3      | Gained mutation: You have sharp fingernails. [demonic
                  | ancestry]
  2149 | D:3      | Reached XP level 6. HP: 41/41 MP: 9/13
  2155 | D:3      | Reached skill level 5 in Ice Magic
  2704 | D:3      | Reached ** piety under Nemelex Xobeh
  2940 | D:4      | Received a gift from Nemelex Xobeh
  2968 | D:4      | Found a sand-covered staircase.
  3064 | Ossuary  | Entered an ossuary
  3081 | Ossuary  | Reached skill level 5 in Spellcasting
  3166 | Ossuary  | Reached skill level 6 in Ice Magic
  3246 | Ossuary  | Gained mutation: You have very sharp fingernails. [demonic
                  | ancestry]
  3246 | Ossuary  | Reached XP level 7. HP: 46/46 MP: 9/14
  3499 | Ossuary  | Reached skill level 7 in Ice Magic
  3765 | Ossuary  | Reached skill level 8 in Ice Magic
  3765 | Ossuary  | Gained mutation: You sometimes gain a little power by
                  | taking damage. [demonic ancestry]
  3765 | Ossuary  | Reached XP level 8. HP: 33/52 MP: 8/15
  4259 | D:4      | Reached skill level 9 in Ice Magic
  4315 | D:4      | Found a staircase to the Ecumenical Temple.
  4325 | D:4      | Found a transporter.
  4357 | D:4      | Noticed Grinder
  4384 | D:4      | Killed Grinder
  4385 | D:4      | Reached skill level 2 in Fighting
  4385 | D:4      | Reached skill level 2 in Invocations
  4511 | D:4      | Received a gift from Nemelex Xobeh
  4615 | D:4      | Identified the +9 falchion of the Trees {freeze, Will+}
  4620 | D:4      | Found a transporter.
  4806 | D:5      | Entered Level 5 of the Dungeon
  4827 | D:5      | Noticed Pikel
  4836 | D:5      | Killed Pikel
  4837 | D:5      | Reached skill level 3 in Fighting
  4837 | D:5      | Reached skill level 5 in Invocations
  4837 | D:5      | Gained mutation: You are mostly covered in sharp spines.
                  | [demonic ancestry]
  4837 | D:5      | Reached XP level 9. HP: 65/65 MP: 10/16
  4916 | D:5      | Reached skill level 4 in Fighting
  5172 | D:5      | Reached *** piety under Nemelex Xobeh
  5236 | D:5      | Reached skill level 6 in Invocations
  5269 | D:5      | Found an ornate altar of the Wu Jian Council.
  5271 | D:5      | Found a hazy altar of Hepliaklqana.
  5273 | D:5      | Noticed Menkaure
  5283 | D:5      | Killed Menkaure
  5284 | D:5      | Reached skill level 5 in Fighting
  5316 | D:5      | Noticed Dowan
  5348 | D:5      | Killed Dowan
  5416 | D:6      | Reached skill level 7 in Invocations
  5425 | D:6      | Learned a level 1 spell: Slow
  5428 | D:6      | Learned a level 2 spell: Cigotuvi's Dreadful Rot
  5621 | D:5      | Noticed Duvessa
  5627 | D:5      | Killed Duvessa
  5904 | D:6      | Reached skill level 6 in Fighting
  5904 | D:6      | Reached skill level 8 in Invocations
  6193 | D:6      | Reached skill level 9 in Invocations
  6486 | D:7      | Found the +7 lajatang of Order {silver, rMut}
  6499 | D:7      | Reached skill level 7 in Fighting
  6504 | D:7      | Reached XP level 10. HP: 40/79 MP: 13/17
  7161 | D:7      | Reached skill level 10 in Invocations
  7630 | D:7      | Reached skill level 8 in Fighting
  7634 | D:7      | Found a basalt altar of Yredelemnul.
  7731 | D:7      | Found a snail-covered altar of Cheibriados.
  7895 | D:8      | Reached **** piety under Nemelex Xobeh
  7923 | D:8      | Identified the +3 robe of Honesty {rC+ Int+3}
  8076 | D:8      | Received a gift from Nemelex Xobeh
  8090 | D:8      | Reached skill level 11 in Invocations
  8612 | D:8      | Reached skill level 9 in Fighting
  8616 | D:8      | Found The Oracle's Delphic Readings.
  8817 | D:8      | Learned a level 2 spell: Blink
  8822 | D:8      | Learned a level 4 spell: Summon Ice Beast
  8865 | D:9      | Received a gift from Nemelex Xobeh
  8886 | D:9      | Noticed Prince Ribbit
  8892 | D:9      | Killed Prince Ribbit
  9058 | D:9      | Noticed a boulder beetle
  9059 | D:9      | Killed a boulder beetle
  9060 | D:9      | Reached skill level 2 in Summonings
  9060 | D:9      | Reached skill level 1 in Translocations
  9060 | D:9      | Reached skill level 12 in Invocations
  9117 | D:9      | Gained mutation: You have a tail ending in a sharp stinger.
                  | [demonic ancestry]
  9117 | D:9      | Reached XP level 11. HP: 89/89 MP: 14/20
  9136 | D:9      | Noticed Maurice
  9158 | D:9      | Killed Maurice
  9159 | D:9      | Reached skill level 2 in Translocations
  9368 | D:9      | Found Puheradgh's Book Shop.
  9441 | D:9      | Noticed Erolcha
  9607 | D:9      | Noticed a two-headed ogre
  9611 | D:9      | Slain by Erolcha

Illustrated notes

Levels and vault maps discovered:
D:1:      kennysheep_arrival_forest, layout_loops_ring, minmay_lizard_pond
D:2:      layout_rooms, dreamdust_ecumenical_altar_angels_and_demons,
          minmay_tree_intersection, kennysheep_cross_room, uniq_sigmund
D:3:      minmay_wonky_spiral, layout_loops_ring
D:4:      gammafunk_wand_slinger, layout_loops_ring,
          minmay_temple_entry_offerings, nicolae_ossuary_entry_ruins,
          serial_park_tiny_1, uniq_grinder
D:5:      layout_loops_ring, chequers_temple_overflow_statue_of_worship,
          uniq_pikel, uniq_duvessa, uniq_menkaure
D:6:      layout_basic, corexii_hall_statues_x
D:7:      layout_rooms, lemuel_mausoleum_altar_yredelemnul,
          kennysheep_little_box
D:8:      layout_gridville, nicolae_nh_oracle_at_delphi
D:9:      layout_loops_corners, gammafunk_temple_overflow_forgotten,
          serial_shops, shop, chequers_serial_rivers_marsh, uniq_maurice,
          uniq_prince_ribbit1, uniq_erolcha

Skill      XL: |  1  2  3  4  5  6  7  8  9 10 11 |
---------------+----------------------------------+-----
Spellcasting   | 3 4 5 |  5.0
Ice Magic      | 4 6 8 9 |  9.0
Fighting       | 3 7 9 |  9.5
Invocations    | 5 9 12 | 12.0
Summonings     | 2 |  2.8
Translocations | 1 2 |  2.3
Dodging        | |  1.7
Stealth        | |  1.7

Action                     |  1- 3 |  4- 6 |  7- 9 | 10-12 || total
---------------------------+-------+-------+-------+-------++-------
  Melee: Unarmed           |     3 |       |       |       ||     3
         Club              |     8 |       |       |       ||     8
         Short sword       |     1 |       |       |       ||     1
         Falchion          |       |       |    96 |   128 ||   224
         Tailslap          |       |       |    17 |    21 ||    38
         Punch             |       |       |     1 |     2 ||     3
   Fire: Sling             |    11 |   117 |   143 |    12 ||   283
   Cast: Freeze            |    41 |     5 |     4 |       ||    50
         Frozen Ramparts   |       |    11 |    22 |    11 ||    44
         Ozocubu's Armour  |       |     7 |    22 |    12 ||    41
         Summon Ice Beast  |       |       |       |     1 ||     1
 Invoke: Draw Summoning    |       |       |     1 |       ||     1
         Draw Destruction  |       |       |       |     4 ||     4
    Use: Scroll            |       |       |     9 |       ||     9
   Stab: Sleeping          |     2 |       |     2 |     2 ||     6
 Armour: Robe              |     9 |    25 |    85 |    50 ||   169
         Acid dragon scale |       |       |       |    18 ||    18
         Leather armour    |       |       |       |    12 ||    12
  Dodge: Dodged            |    29 |    22 |   115 |   124 ||   290

Table legend: (Time is in decaauts)
 A = Elapsed time spent in this place.
 B = Non-inter-level travel time spent in this place.
 C = Inter-level travel time spent in this place.
 D = Time resting spent in this place.
 E = Time spent auto-exploring this place.
 F = Levels seen in this place.
 G = Mean time per level.
                   A        B        C        D        E       F      G
               +--------+--------+--------+--------+--------+-----+--------+
         Total |   9781 |   9040 |    741 |     59 |   6934 |  10 |  978.1 |
       Dungeon |   8691 |   7950 |    741 |     59 |   6209 |   9 |  965.7 |
       Ossuary |   1089 |   1089 |      0 |      0 |    725 |   1 | 1089.0 |
               +--------+--------+--------+--------+--------+-----+--------+

Top non-repeatable levels by time:
     D:7: 1311 daAuts
     D:1: 1133 daAuts
 Ossuary: 1089 daAuts
     D:8: 1052 daAuts
     D:5: 981 daAuts
     D:4: 905 daAuts
     D:3: 900 daAuts
     D:2: 896 daAuts
     D:6: 775 daAuts
     D:9: 735 daAuts

Levels and vault maps discovered:
D:1:      kennysheep_arrival_forest, layout_loops_ring, minmay_lizard_pond
D:2:      layout_rooms, dreamdust_ecumenical_altar_angels_and_demons,
          minmay_tree_intersection, kennysheep_cross_room, uniq_sigmund
D:3:      minmay_wonky_spiral, layout_loops_ring
D:4:      gammafunk_wand_slinger, layout_loops_ring,
          minmay_temple_entry_offerings, nicolae_ossuary_entry_ruins,
          serial_park_tiny_1, uniq_grinder
D:5:      layout_loops_ring, chequers_temple_overflow_statue_of_worship,
          uniq_pikel, uniq_duvessa, uniq_menkaure
D:6:      layout_basic, corexii_hall_statues_x
D:7:      layout_rooms, lemuel_mausoleum_altar_yredelemnul,
          kennysheep_little_box
D:8:      layout_gridville, nicolae_nh_oracle_at_delphi
D:9:      layout_loops_corners, gammafunk_temple_overflow_forgotten,
          serial_shops, shop, chequers_serial_rivers_marsh, uniq_maurice,
          uniq_prince_ribbit1, uniq_erolcha

Table legend: (Time is in decaauts)
 A = Elapsed time spent in this place.
 B = Non-inter-level travel time spent in this place.
 C = Inter-level travel time spent in this place.
 D = Time resting spent in this place.
 E = Time spent auto-exploring this place.
 F = Levels seen in this place.
 G = Mean time per level.
                   A        B        C        D        E       F      G
               +--------+--------+--------+--------+--------+-----+--------+
         Total |   9781 |   9040 |    741 |     59 |   6934 |  10 |  978.1 |
       Dungeon |   8691 |   7950 |    741 |     59 |   6209 |   9 |  965.7 |
       Ossuary |   1089 |   1089 |      0 |      0 |    725 |   1 | 1089.0 |
               +--------+--------+--------+--------+--------+-----+--------+

Top non-repeatable levels by time:
     D:7: 1311 daAuts
     D:1: 1133 daAuts
 Ossuary: 1089 daAuts
     D:8: 1052 daAuts
     D:5: 981 daAuts
     D:4: 905 daAuts
     D:3: 900 daAuts
     D:2: 896 daAuts
     D:6: 775 daAuts
     D:9: 735 daAuts

Table legend:
 A = Kills in this place as a percentage of kills in the entire game.
 B = Kills by you in this place as a percentage of kills by you in the entire game.
 C = Kills by friends in this place as a percentage of kills by friends in the entire game.
 D = Other kills in this place as a percentage of other kills in the entire game.
 E = Experience gained in this place as a percentage of experience gained in the entire game.
 F = Experience gained in this place divided by the number of levels of this place that you have seen.
                   A       B       C       D       E      F
               +-------+-------+-------+-------+-------+----------------------
         Total | 100.0 | 100.0 |   N/A | 100.0 | 100.0 | 1204.9
       Dungeon |  86.1 |  86.1 |   N/A | 100.0 |  88.6 | 1185.6
       Ossuary |  13.9 |  13.9 |   N/A |   0.0 |  11.4 | 1379.0
               +-------+-------+-------+-------+-------+----------------------
